 Dungeon Crawl Stone Soup version 0.21-a0-207-g4a9efaf (webtiles) character file.

701 dayne the Sneak (level 7, -9/54 HPs)
             Began as a Mummy Wanderer on Aug 20, 2017.
             Killed from afar by an orc wizard (21 damage)
             ... with a puff of flame
             ... on level 6 of the Dungeon.
             The game lasted 00:11:26 (6124 turns).

dayne the Sneak (Mummy Wanderer)                    Turns: 6124, Time: 00:11:27

Health: -9/54      AC:  3    Str: 15    XL:     7   Next: 38%
Magic:  7/7        EV: 12    Int:  8    God:
Gold:   269        SH:  0    Dex: 17    Spells: 6/6 levels left

rFire    x . .     SeeInvis .   a - +2 short sword
rCold    + . .     Gourm    .   (no shield)
rNeg     + + +     Faith    .   c - +1 robe
rPois    ∞         Spirit   .   (no helmet)
rElec    .         Reflect  .   (no cloak)
rCorr    +         Harm     .   (no gloves)
MR       .....                  (no boots)
Stlth    +++.......             h - amulet of regeneration
HPRegen  0.58/turn              i - ring of resist corrosion
MPRegen  0.10/turn              (no ring)

@: no status effects
A: no food or potions, fire vulnerability, cold resistance 1, negative energy
resistance 3, torment resistance, unbreathing
a: no special abilities


You were on level 6 of the Dungeon.
You were not hungry.

You visited 1 branch of the dungeon, and saw 6 of its levels.
You also visited: Sewer.

You collected 269 gold pieces.

Inventory:

Hand Weapons
 a - a +2 short sword (weapon)
 d - a +0 dagger
 n - a +0 hunting sling
Missiles
 g - 44 poisoned needles
 k - 173 stones (quivered)
Armour
 c - a +1 robe (worn)
Jewellery
 h - an amulet of regeneration (around neck)
 i - a ring of resist corrosion (left hand)
Scrolls
 b - a scroll of teleportation
 e - a scroll of enchant armour
 j - 2 scrolls of enchant weapon
 l - a scroll of identify
 m - a scroll of remove curse
Books
 p - a book of Misfortune

   Spells                             Type                      Level
   a - Confusing Touch                Hexes                        1
   b - Confuse                        Hexes                        3
   c - Gell's Gravitas                Translocation                3
   d - Petrify                        Transmutation/Earth          4
   e - Metabolic Englaciation         Hexes/Ice                    5
   f - Yara's Violent Unravelling     Hexes/Transmutation          5


   Skills:
 + Level 4.0 Fighting
 - Level 4.5 Short Blades
 - Level 1.5 Throwing
 - Level 1.0 Dodging
 - Level 5.2 Stealth


You had 6 spell levels left.
You didn't know any spells.

Dungeon Overview and Level Annotations

Branches:
Dungeon (6/15)
 Temple: D:4-7

Altars:
The Shining One

Shops:
D:5 *


Innate Abilities, Weirdness & Mutations

You do not eat or drink.
Your flesh is vulnerable to fire.
You are immune to poison.
Your flesh is cold resistant. (rC+)
You are immune to negative energy. (rN+++)
You are immune to unholy pain and torment.
You can survive without breathing.


Message History

Unknown command.
You can't drink.
Unknown command.
Okay, then.
Unknown command.
You hit the orc wizard.
The orc wizard is severely wounded.
The orc wizard hits you but does no damage.
Your magical contamination has completely faded away.
You hit the orc wizard but do no damage.
The orc wizard is severely wounded.
The orc wizard looks braver for a moment.
Unknown command.
You completely miss the orc wizard.
The orc wizard is severely wounded.
The orc wizard is no longer moving quickly.
The orc hits you but does no damage.
The orc wizard points at you and mumbles some strange words.
The puff of flame hits you! The fire burns you terribly!
You die...

##### #### #≈..#####≈≈###
#..≈≈≈≈≈≈≈...#
#.≈≈≈≈≈≈≈....#
##≈≈.####...##
#≈≈##(.....# #≈≈#...###(#
#≈≈#...###o#
###≈≈#.....@o#
##≈≈...####.######
##≈....##........#*
###...###.....o...#***
*****
#.............o..,,***,,,,
#######....###'##*,,,,,,,,
#....# *,# *,,,,,,,,
#....#**,***,,,,,,,,
#....',,_***,,,,,,**


You could see an orc wizard and an orc.

Vanquished Creatures
  An ice beast (D:5)
  A bullfrog (Sewer)
  A centaur skeleton (D:4)
  An orc priest (D:4)
  4 orc wizards
  An iguana (D:4)
  2 worker ants (D:4)
  A hound skeleton (D:3)
  4 gnolls (D:3)
  5 adders
  7 oozes (Sewer)
  2 worms
  4 dart slugs
  15 leopard geckos
  10 orcs
  15 giant cockroaches
  4 goblins
  8 hobgoblins
  11 jackals
  8 kobolds
  2 quokkas
  12 ball pythons (Sewer)
  5 bats
  17 frilled lizards
  A leopard gecko skeleton (D:4)
  13 rats
155 creatures vanquished.

Notes
Turn   | Place    | Note
-------+----------+-------------------------------------------
     0 | D:1      | dayne the Mummy Wanderer began the quest for the Orb.
     0 | D:1      | dayne set off with: a +2 short sword, 2 scrolls of teleportation, a +0 robe, a +0 dagger
     0 | D:1      | Reached XP level 1. HP: 16/16 MP: 1/1
   174 | D:1      | Reached XP level 2. HP: 22/22 MP: 2/2
   842 | D:2      | Reached XP level 3. HP: 27/27 MP: 3/3
   845 | D:2      | Reached skill level 3 in Stealth
  1232 | D:2      | Found a glowing golden altar of the Shining One.
  2028 | D:3      | Reached XP level 4. HP: 25/33 MP: 4/4
  2813 | D:3      | Reached XP level 5. HP: 20/38 MP: 5/5
  3239 | D:4      | Reached skill level 4 in Stealth
  3586 | D:4      | Reached XP level 6. HP: 5/44 MP: 6/6
  4968 | D:5      | Entered Level 5 of the Dungeon
  4972 | D:5      | Noticed an ice beast
  4981 | D:5      | Killed an ice beast
  4981 | D:5      | Reached skill level 5 in Stealth
  5097 | D:5      | Found Syqisats's General Store.
  5161 | D:6      | Found a glowing drain.
  5171 | Sewer    | Entered a sewer
  5272 | Sewer    | Reached XP level 7. HP: 42/50 MP: 7/7
  6124 | D:6      | Killed from afar by an orc wizard

Vault maps used:
D:1:      dpeg_arrival_short_road
D:2:      tso_oasis_becter, first_bread
D:4:      minmay_misc_feat_secret_circle, kennysheep_generic_room_3
D:5:      cheibriados_altar_1, temple_doors_e, serial_shops, shop
D:6:      nicolae_overflow_crystal_walls, lemuel_doored_altar, fedhas_altar_3,
          cheibrodos_sewer_entry_bend
Sewer:    sewer_frog_island_02

Skill      XL: |  1  2  3  4  5  6  7 |
---------------+----------------------+-----
Short Blades   | 2 3 4 |  4.5
Stealth        | 3 4 5 |  5.2
Fighting       | 4 |  4.0
Throwing       | |  1.5
Dodging        | |  1.0

Action                   |  1- 3 |  4- 6 |  7- 9 || total
-------------------------+-------+-------+-------++-------
Melee: Short sword       |   107 |   311 |   183 ||   601
Throw: Stone             |     3 |       |       ||     3
  Use: Scroll            |     4 |     8 |     1 ||    13
 Stab: Sleeping          |     8 |     5 |     3 ||    16
       Distracted        |       |       |     1 ||     1
Armor: Robe              |     9 |    43 |    49 ||   101
Dodge: Dodged            |    60 |   166 |   126 ||   352
